 Dungeon Crawl Stone Soup version 0.28-a0-691-gad6df49e81 (webtiles) character file.

Game seed: 16978973952595393511

226 jasper the Skirmisher (level 5, -7/43 HPs)
             Began as a Demonspawn Artificer on Oct 23, 2021.
             Was a Follower of Ashenzari.
             Mangled by an ogre (19 damage)
             ... while paralysed by Ijyb
             ... on level 4 of the Dungeon.
             The game lasted 00:05:50 (3309 turns).

jasper the Skirmisher (Demonspawn Artificer)        Turns: 3309, Time: 00:05:51

Health: -7/43      AC:  7    Str: 13    XL:     5   Next: 69%
Magic:  5/5        EV:  2    Int: 12    God:    Ashenzari [*.....]
Gold:   113        SH:  0    Dex: 14    Spells: 4/4 levels left

rFire   . . .      SeeInvis .   h - +0 rapier
rCold   . . .      Faith    .   (no shield)
rNeg    . . .      Spirit   .   n - +0 ring mail "Regret of Ashenzari" {Melee, Range} (curse)
rPois   .          Reflect  .   (helmet restricted)
rElec   .          Harm     .   g - +0 cloak "Seer of Ashenzari" {Cun, Alch} (curse)
rCorr   .          Rampage  .   (no gloves)
Will    .....                   k - +0 pair of boots
Stlth   +.........              o - amulet of the acrobat
HPRegen 0.14/turn               (no ring)
MPRegen 0.09/turn               (no ring)

@: paralysed
A: horns 1
a: Renounce Religion, Shatter the Chains


You were on level 4 of the Dungeon.
You worshipped Ashenzari.
Ashenzari was aware of your devotion.
You visited 1 branch of the dungeon, and saw 5 of its levels.

You collected 113 gold pieces.

Inventory:

Hand Weapons
 a - a +0 club
 h - a +0 rapier (weapon)
Missiles
 f - 78 stones (quivered)
 i - 32 sling bullets
 m - 5 javelins
Armour
 b - a +0 leather armour
 g - the cursed +0 cloak "Seer of Ashenzari" (worn) {Cun, Alch}
   (You found it on level 1 of the Dungeon)

   It has a curse which improves the following skills: Cunning: Dodging and
   Stealth.
   Alchemy:   Poison Magic and Transmutations.
 k - a +0 pair of boots (worn)
 n - the cursed +0 ring mail "Regret of Ashenzari" (worn) {Melee, Range}
   (You found it on level 3 of the Dungeon)

   It has a curse which improves the following skills: Melee Combat: Short
   Blades, Long Blades, Axes, Maces & Flails, Polearms, Staves and Unarmed
   Combat.
   Ranged Combat: Slings, Bows, Crossbows and Throwing.
Jewellery
 o - an amulet of the acrobat (around neck)
 r - a ring of flight
Wands
 c - a wand of flame (6)
 d - a wand of charming (9)
Scrolls
 j - a scroll of magic mapping
 l - 3 scrolls of teleportation
 p - a scroll of silence
 q - a scroll of fog
Miscellaneous
 e - a piece from Xom's chessboard (15/15)


   Skills:
 + Level 4.5 Fighting
 + Level 3.0(3.9) Long Blades
 - Level 1.7 Armour
 - Level 0.8(1.4) Dodging
 - Level 0.8(1.4) Stealth
 - Level 3.0 Evocations


You had 4 spell levels left.
You didn't know any spells.
Your spell library was empty.

Dungeon Overview and Level Annotations

Branches:
Dungeon (5/15)
 Temple: D:4-7

Altars:
Ashenzari
Fedhas
Zin

Annotations:
D:4 Grinder, Ijyb


Innate Abilities, Weirdness & Mutations

You have a pair of small horns on your head.


Message History

The ogre is charmed.
There is a stone staircase leading up here.
You regained 3 hp, and now have 37/43 hp.
You climb upwards.
Level annotation: Grinder Ijyb zaps a wand.
You resist with some effort.
Found a +0 leather armour.
There is a stone staircase leading down here.
What are your orders? t - Shout!
Orders for allies: a - Attack new target. r - Retreat! s - Stop attacking. g - Guard the area. f - Follow me.
Anything else - Cancel.
Retreat in which direction?
Press: ? - help, Dir - move target, f - you
Okay, then.
Press: ? - help, v - describe, . - travel
Here: Ijyb, wielding a +0 club, wearing a +3 chain mail of poison resistance and carrying a wand of paralysis (4)
The floor.
Unknown command.
What are your orders? t - Shout!
Orders for allies: a - Attack new target. r - Retreat! s - Stop attacking. g - Guard the area. f - Follow me.
Anything else - Cancel.
Gang up on whom?
Press: ? - help, Dir - move target, f - Ijyb
Aim: Ijyb, wielding a +0 club, wearing a +3 chain mail of poison resistance and carrying a wand of paralysis (4) Attack!
The ogre is no longer charmed.
Ijyb zaps a wand.
You resist with some effort.
The ogre hits you with a +0 giant club!!
Ouch! That really hurt!
* * * LOW HITPOINT WARNING * * *
You take 25 damage, and have 12/43 hp.
MASSIVE DAMAGE!!
Ijyb screams, "I no like you!"
Ijyb zaps a wand.
You suddenly lose the ability to move!
The ogre hits you with a +0 giant club!!
You die...

######### #.......#
#......@# #......O#
#.......# #....g..#
##....?..## #........#
#.........#
#....[....##.........#
#....................#
#.......#.#..........#
#########..#.........#
#


You could see an ogre and Ijyb.

Vanquished Creatures
  A scorpion (D:5)
  A water moccasin skeleton (D:4)
  A jelly (D:5)
  An iguana (D:5)
  5 orcs
  6 ball pythons
  2 bats (D:1)
  4 endoplasms
  4 giant cockroaches
  A goblin (D:1)
  9 hobgoblins
  4 jackals (D:2)
  2 kobolds
  3 quokkas (D:3)
  A frilled lizard (D:2)
  3 rats
48 creatures vanquished.

Vanquished Creatures (collateral kills)
  An orc (D:5)
1 creature vanquished.

Vanquished Creatures (others)
  An iguana (D:4)
1 creature vanquished.

Grand Total: 50 creatures vanquished

Notes
Turn   | Place    | Note
-------+----------+-------------------------------------------
     0 | D:1      | jasper the Demonspawn Artificer began the quest for the
                  | Orb.
     0 | D:1      | Reached XP level 1. HP: 15/15 MP: 1/1
   443 | D:1      | Reached skill level 2 in Fighting
   549 | D:1      | Gained mutation: You have a pair of small horns on your
                  | head. [demonic ancestry]
   549 | D:1      | Reached XP level 2. HP: 22/22 MP: 2/2
  1336 | D:2      | Found a faded altar of an unknown god.
  1433 | D:2      | Found a broken altar of Ashenzari.
  1441 | D:2      | Became a worshipper of Ashenzari the Shackled
  1450 | D:2      | Reached XP level 3. HP: 28/28 MP: 3/3
  1633 | D:2      | Reached skill level 3 in Fighting
  2026 | D:3      | Reached skill level 1 in Long Blades
  2435 | D:4      | Noticed Grinder
  2520 | D:4      | Reached * piety under Ashenzari
  2544 | D:4      | Reached XP level 4. HP: 23/37 MP: 4/4
  2570 | D:5      | Entered Level 5 of the Dungeon
  2705 | D:5      | Reached XP level 5. HP: 6/42 MP: 5/5
  2984 | D:5      | Reached skill level 4 in Fighting
  3214 | D:5      | Noticed an ogre
  3227 | D:5      | Found a blossoming altar of Fedhas.
  3306 | D:4      | Noticed Ijyb
  3308 | D:4      | Paralysed by Ijyb for 3 turns
  3309 | D:4      | Mangled by an ogre

Illustrated notes

Levels and vault maps discovered:
D:1:      sevenhm_arrival_forest_fort_small_4, layout_loops_cross,
          kennysheep_boxes
D:2:      layout_loops_ring, basic_ecumenical_altar, basic_altar, nrook_campfire
D:3:      layout_loops_cross, mainiacjoe_overflow_tiny_flanked,
          lemuel_tele_altar, minmay_strange_pillars
D:4:      layout_rooms, mainiacjoe_overflow_alcove_1,
          mainiacjoe_overflow_24_doors, nzn_wu_jian_contemplation, uniq_grinder,
          uniq_ijyb
D:5:      minmay_bubble_buster, layout_basic, amcnicky_altar_gilded,
          mainiacjoe_overflow_paths, serial_shops, shop,
          amcnicky_mini_pool_medium

Skill      XL: |  1  2  3  4  5 |
---------------+----------------+-----
Fighting       | 2 3 4 |  4.5
Long Blades    | 2 3 |  3.0
Armour         | |  1.7
Dodging        | |  0.8
Stealth        | |  0.8
Evocations     | |  3.0

Action                   |  1- 3 |  4- 6 || total
-------------------------+-------+-------++-------
Melee: Club              |    13 |       ||    13
       Rapier            |    85 |    10 ||    95
       Headbutt          |    14 |     3 ||    17
Throw: Stone             |    72 |     3 ||    75
Invok: Curse Item        |     2 |       ||     2
Evoke: Wand              |     2 |    13 ||    15
  Use: Potion            |       |     1 ||     1
 Stab: Sleeping          |     1 |       ||     1
Armor: Leather armour    |    24 |       ||    24
       Ring mail         |     3 |     3 ||     6
Dodge: Dodged            |    54 |     5 ||    59

Table legend: (Time is in decaauts)
 A = Elapsed time spent in this place.
 B = Non-inter-level travel time spent in this place.
 C = Inter-level travel time spent in this place.
 D = Time resting spent in this place.
 E = Time spent auto-exploring this place.
 F = Levels seen in this place.
 G = Mean time per level.
                   A        B        C        D        E       F      G
               +--------+--------+--------+--------+--------+-----+--------+
         Total |   3380 |   3188 |    192 |    422 |   2176 |   5 |  676.0 |
       Dungeon |   3380 |   3188 |    192 |    422 |   2176 |   5 |  676.0 |
               +--------+--------+--------+--------+--------+-----+--------+

Top non-repeatable levels by time:
     D:1: 1225 daAuts
     D:2: 753 daAuts
     D:5: 737 daAuts
     D:3: 547 daAuts
     D:4: 115 daAuts
